 BcadrenCrawl: Boulder Brew version 0.03.3.1-34-gd247f1d118 (webtiles) character file.

Game seed: 13099323614539348506, levelgen mode: deterministic

1437 Chiseanne the Nimble (level 9, -1/64 HPs) Goblin Demonspawn. Began on Mar 20, 2021. Killed from afar by an orc wizard (4 damage) ... with a sting ... on level 4 of the Dungeon. The game lasted 00:11:52 (4405 turns).

Chiseanne the Nimble (Goblin Demonspawn)            Turns: 4405, Time: 00:11:53

Health: -1/64      AC:  9    Str:  8    XL:     9 ^: 1855
Magic:  9/9        EV: 13    Int:  6    God:
Gold:   245        SH:  0    Dex:  6    Spells: 9/10 levels left

rFire    . . .     Vision   .   j - +1 whip (freeze)
rCold    . . .     Gourm    .   s - +2 dagger (speed)
rNeg     . . .     Faith    .   h - +0 scale mail
rPois    .         Spirit   .   o - +0 helmet
rElec    .         Reflect  .   m - +0 cloak
rCorr    .         Harm     .   (no gloves)
MR       +....                  (no boots)
Stlth    ..........             (no amulet)
HPRegen  0.31/turn              e - ring of protection from magic
MPRegen  0.19/turn              (no ring)

@: lethally poisoned (-1 -> -2), very heavily drained
A: small, stagnant stats, goblin's greed, hooves 1, demonic guardian 1, foul
stench 1, low mp 1, mutation resistance 1, rot immunity, sturdy frame 1, god's
pity 2
a: no special abilities


You were on level 4 of the Dungeon.
You were very hungry.

You visited 2 branches of the dungeon, and saw 5 of its levels.

You collected 205 gold pieces.

Inventory:

Weapons
 j - a +1 whip of freezing (weapon)
 s - a +2 dagger of speed (weapon)
 t - a +2 vampiric spear
Armour
 h - a +0 scale mail (worn)
 m - a +0 cloak (worn)
 o - a +0 helmet (worn)
Jewellery
 e - a ring of protection from magic (left hand)
 k - a cursed ring of positive energy {(Curse: MR-)}
 r - a cursed ring of protection {(Curse: MR-)}
Wands
 a - a wand of random effects (2)
 c - a wand of ensnaring (1)
 n - a wand of flame (2)
Scrolls
 g - 2 scrolls of teleportation
 l - a scroll of immolation
 p - 2 scrolls of blinking
Potions
 b - a potion of brilliance
 i - 3 potions of cure mutation
 u - a potion of curing
Comestibles
 d - 6 rations


   Skills:
 * Level 7.4(3.9) Fighting
 - Level 2.6(0.0) Short Blades
 * Level 6.8(3.4) Armour
 * Level 8.4(4.8) Dodging
 - Level 2.6(0.0) Stealth
 - Level 1.3(0.0) Spellcasting
 - Level 2.6(0.0) Fire Magic
   Level 4.0(0.8) Invocations


You had 9 spell levels left.
You knew the following spells:

 Your Spells              Type           Power        Failure   Level  Hunger
a - Flame Tongue          Fire           0 (30)       69%         1    ##.....

Your spell library contained the following spells:

 Spells                   Type           Power        Failure   Level  Hunger
 Summon Butterflies       Summ           0 (100)      69%         1    ##.....
 Blink                    Tloc           N/A          83%         2    ###....
 Call Imp                 Summ           0 (100)      83%         2    ###....
 Slow                     Hex            0 (100)      83%         2    ###....
 Call Canine Familiar     Summ           0 (100)      96%         3    ####...
 Conjure Flame            Fire           0 (100)      96%         3    ####...
 Mephitic Cloud           Pois/Air       0 (100)      96%         3    ####...
 Summon Ice Beast         Ice/Summ       0 (100)      100%        4    #####..
 Summon Mana Viper        Summ/Pois      0 (100)      100%        5    ######.
 Summon Spider Mount      Summ/Pois      0 (200)      100%        5    ######.


Dungeon Overview and Level Annotations

Branches:
Dungeon (4/8)              Temple (1/1) D:4

Altars:
Cheibriados
Fedhas Madash
Kikubaaqudgha
Makhleb
Nemelex Xobeh
Okawaru
Qazlal
Ru
Uskayaw
Vehumet
Wu Jian
Xom
Zin


Innate Abilities, Weirdness & Mutations

Your stats never grow through leveling.
Your goblin ancestry allows you to find more gold. (+20%)
You are small and have problems with some larger weapons.
You have large cloven feet.
A weak demonic guardian rushes to your aid.
You may emit foul miasma when damaged in melee.
Your magical capacity is low. (-10% MP)
You are somewhat resistant to further mutation.
You are immune to rotting.
Your movements are slightly less encumbered by armour. (ER -2)
The pity of the gods increases the power of your passive and invoked divine abilities.


Message History

You barely miss the orc warrior. You hit the orc warrior (3).
Something hits you (1).
* * * LOW HITPOINT WARNING * * *
The orc warrior is engulfed in dark miasma (0).
The orc warrior looks even sicker.
The orc warrior hits you with a +0 hatchet (11)!
* * * LOW HITPOINT WARNING * * *
You hit the orc warrior but do no damage.
You closely miss the orc warrior. Something hits you (2).
* * * LOW HITPOINT WARNING * * *
You hear some strange, mumbled words.
A puff of frost appears from out of thin air!
The puff of frost misses you. Something hits you but does no damage.
You barely miss the orc warrior.
You hit the orc warrior but do no damage.
Something hits you but does no damage.
You hear some strange, mumbled words.
A sting appears from out of thin air!
The sting hits you (4).
You are poisoned.
You die...

..# ##
##....###.....#..#
..#
#.##.....##........##
..#
#....#..#.........#
.##
##..............###
.# #.....##>.....#.#
.## #..#..#
#...###.## ..#
#.##..###.## ##.####
..# ##.#.......#
##....# #.#####
#.....##@{.# #.#####
#..##.###.#..####o.##
##.# #...#..#####.##
#...###..# ...####.#
#..###..).)...#
###.##..#
##..#.....###.#
#......# #........#
#...#
###.#.#######......##
#....#
##..#.##.........#
......#
##........#..#....
.....o..


You could see an orc warrior.

Vanquished Creatures
  Pikel (D:4)
  2 scorpions (D:4)
  2 ogres
  2 wights (D:4)
  A crimson imp (D:3)
  2 orc priests (D:4)
  An orc wizard (D:4)
  3 worker ants (D:3)
  3 iguanas
  2 giant cockroaches (D:1)
  3 bullfrog skeletons (D:4)
  An adder (D:4)
  4 gnolls
  A white imp (D:3)
  A worm (D:3)
  3 cinder newts (D:1)
  A hound skeleton (D:3)
  An ooze (D:3)
  2 dart slugs (D:1)
  6 leopard geckos
  11 orcs
  A ball python (D:3)
  2 goblins (D:1)
  4 hobgoblins (D:1)
  2 jackals (D:3)
  4 kobolds
  3 quokkas
  2 bats (D:1)
  A quokka skeleton (D:2)
  2 rats (D:1)
  A slave (D:4)
75 creatures vanquished.

Vanquished Creatures (collateral kills)
  2 bullfrogs (D:4)
  3 wights (D:4)
  A hound (D:4)
  A gnoll shaman (D:3)
  An orc priest (D:4)
  A worker ant (D:4)
  An orc wizard (D:4)
  A wyvern skeleton (D:4)
  2 orcs (D:4)
  4 jackals (D:4)
17 creatures vanquished.

Vanquished Creatures (others)
  A howler monkey (D:4)
  2 wights (D:4)
  2 slaves (D:4)
  13 withered plants (D:2)
18 creatures vanquished.

Grand Total: 110 creatures vanquished

Notes
Turn   | Place    | Note
-------+----------+-------------------------------------------
     0 | D:1      | Chiseanne the Goblin Demonspawn began the quest for the
                  | Orb.
     0 | D:1      | Reached XP level 1. HP: 13/13 MP: 2/2
    58 | D:1      | Gained mutation: You are immune to rotting. [demonic
                  | ancestry]
    58 | D:1      | Reached XP level 2. HP: 11/19 MP: 3/3
   302 | D:1      | Reached XP level 3. HP: 25/25 MP: 4/4
   522 | D:1      | Reached skill level 1 in Armour
   522 | D:1      | Reached XP level 4. HP: 30/31 MP: 5/5
   524 | D:1      | Reached skill level 5 in Dodging
   958 | D:2      | Noticed a big kobold
   960 | D:2      | Noticed a water moccasin
  1188 | D:3      | Gained mutation: A weak demonic guardian rushes to your
                  | aid. [demonic ancestry]
  1188 | D:3      | Reached XP level 5. HP: 36/36 MP: 6/6
  1649 | D:3      | Gained mutation: You may emit foul miasma when damaged in
                  | melee. [demonic ancestry]
  1649 | D:3      | Reached XP level 6. HP: 22/43 MP: 7/7
  1848 | D:3      | Found an iron altar of Okawaru.
  2039 | D:3      | Reached skill level 6 in Dodging
  2214 | D:3      | Found a shimmering altar of Xom.
  2583 | D:4      | Noticed a scorpion
  2849 | D:4      | Killed a scorpion
  2849 | D:4      | Reached skill level 5 in Fighting
  2849 | D:4      | Reached XP level 7. HP: 42/50 MP: 8/8
  2871 | D:4      | Found a blossoming altar of Fedhas.
  2965 | D:4      | Found a hide-covered altar of Uskayaw.
  3104 | D:4      | Reached skill level 5 in Armour
  3104 | D:4      | Reached skill level 7 in Dodging
  3188 | D:4      | Gained mutation: Your movements are slightly less
                  | encumbered by armour. (ER -2) [demonic ancestry]
  3188 | D:4      | Reached XP level 8. HP: 38/57 MP: 8/8
  3546 | D:4      | Found a staircase to the Ecumenical Temple.
  3581 | Temple   | Entered the Ecumenical Temple
  3750 | D:4      | Noticed Pikel
  3761 | D:4      | Killed Pikel
  3761 | D:4      | Reached skill level 8 in Dodging
  4071 | D:4      | HP: 3/60 [wight/cursed +0 spear of molten steel {(Curse:
                  | *Drain Fragile)} (5)]
  4073 | D:4      | Gained mutation: You have large cloven feet. [demonic
                  | ancestry]
  4073 | D:4      | Reached XP level 9. HP: 3/64 MP: 9/9
  4404 | D:4      | HP: 3/64 [something (2)]
  4405 | D:4      | Killed from afar by an orc wizard

Levels and vault maps discovered:
D:1:      dpeg_arrival_pits, layout_basic, cheibrodos_gnoll_hut,
          gup_sewer_entry_pipe
D:2:      layout_sewer, kennysheep_mini, first_ration, minmay_distorted
D:3:      layout_layer_cave, tgw_xom, nicolae_overflow_crystal_walls,
          serial_glass, glass_columns_a, glass_columns_b, glass_columns_b,
          glass_columns_a, glass_columns_c, glass_columns_a, glass_columns_a,
          glass_columns_c, glass_columns_a, glass_columns_a
D:4:      layout_layer_cave, bloody_trog, old_standard_altar,
          kennysheep_mini_moat, minmay_temple_entry_waves,
          fedhas_ov_isle_minmay, uniq_pikel
Temple:   nicolae_temple_figure_zero

Skill      XL: |  1  2  3  4  5  6  7  8 |
---------------+-------------------------+-----
Fighting       | 2 3 4 5 7 |  7.4
Armour         | 1 2 4 5 6 |  6.8
Dodging        | 5 6 7 8 |  8.4
Short Blades   | |  2.6
Stealth        | |  2.6
Spellcasting   | |  1.3
Fire Magic     | |  2.6
Invocations    | |  4.0

Action                   |  1- 3 |  4- 6 |  7- 9 || total
-------------------------+-------+-------+-------++-------
Melee: Rapier            |    56 |   111 |    92 ||   259
       Unarmed           |    13 |       |       ||    13
       Dagger            |    29 |    87 |   123 ||   239
       Whip              |       |       |    51 ||    51
       Kick              |       |       |     1 ||     1
  Use: Potion            |       |       |     3 ||     3
 Stab: Sleeping          |     3 |       |       ||     3
  Eat: Chunk             |       |     7 |     4 ||    11
Armor: Leather armour    |     6 |       |       ||     6
       Scale mail        |     9 |    61 |    62 ||   132
Dodge: Dodged            |    43 |   104 |   146 ||   293
